Penguins vs Bears
Created - November 13, 2024 at 20:26
Goals
|
| Penguins |
0 |
2 |
2 |
4 |
| Bears |
0 |
1 |
0 |
1 |
|
Shots
|
| Penguins |
13 |
9 |
11 |
33 |
| Bears |
7 |
12 |
11 |
30 |
|
1st period
No Goal
Penalties :
No Penalty
2nd period
1. Penguins , Jesper Boqvist 1 (Jesperi Kotkaniemi 6, Denis Malgin 11) at 9:56
2. Bears , Nicholas Caamano 4 (Ryan Graves 2, Kevin Rooney 4) at 13:23
3. Penguins , Jeff Malott 4 (Jesper Boqvist 3, Alexander Romanov 3) at 17:46
Penalties :
Alexander Romanov (Wil) for High sticking (Minor) at 6:07, Sam Kurker (Wil) for Cross-checking (Minor) at 11:05, Philipp Kurashev (Wil) for Slashing (Minor) at 15:12
3rd period
4. Penguins , Matthew Boldy 9 (Clayton Keller 11) at 6:33
5. Penguins , Eetu Luostarinen 9 (Philipp Kurashev 6, Sam Kurker 1) at 15:14
Penalties :
Sam Carrick (Her) for Tripping (Minor) at 9:29, Alexander Romanov (Wil) for Tripping (Minor) at 17:18
Goalie Stats
Anthony Stolarz (Wil), 29 saves from 30 shots - (0.967), W, 5-2-0, 60:00 minutes
Garret Sparks (Her), 29 saves from 33 shots - (0.879), L, 3-6-0, 60:00 minutes
Players Stats for Penguins
Player Name G A P +/- PIM S H SB GA TA FO MP PP MP PK MP
------------------------------------------------------------------------------------
Alexander Romanov 0 1 1 0 4 0 2 0 0 1 0/0 19:20 0:57 1:47
Artemi Kniazev 0 0 0 1 0 2 0 0 0 0 0/0 14:17 0:00 1:12
Clayton Keller 0 1 1 1 0 7 1 0 1 0 0/1 20:34 1:00 2:04
Dakota Mermis 0 0 0 2 0 2 1 0 1 3 0/0 27:01 1:02 4:57
Denis Malgin 0 1 1 1 0 3 1 1 0 1 18/32 22:36 1:00 4:26
Dmitry Voronkov 0 0 0 -1 0 1 2 1 0 0 1/2 8:07 0:00 0:00
Eetu Luostarinen 1 0 1 1 0 2 0 2 0 0 1/6 19:00 0:59 4:42
Jeff Malott 1 0 1 2 0 3 1 0 1 1 0/0 12:15 0:00 1:01
Jesper Boqvist 1 1 2 2 0 3 1 0 0 0 0/0 10:43 0:00 0:00
Jesperi Kotkaniemi 0 1 1 2 0 2 3 0 0 0 3/6 13:25 0:00 2:16
Josh Ho-Sang 0 0 0 -1 0 0 1 0 0 0 0/0 8:07 0:00 0:00
Marc Del Gaizo 0 0 0 1 0 0 0 1 1 0 0/0 13:05 0:00 0:00
Matthew Boldy 1 0 1 1 0 4 0 0 3 0 0/0 18:10 1:00 0:00
Matthew Finn 0 0 0 2 0 0 1 0 1 1 0/0 27:01 1:02 4:57
Noah Dobson 0 0 0 0 0 0 0 6 0 1 0/0 19:54 0:57 2:59
Philipp Kurashev 0 1 1 1 2 3 3 1 1 0 8/12 14:18 0:59 0:00
Sam Kurker 0 1 1 1 2 0 1 0 0 0 1/1 16:00 0:59 1:23
Sampo Ranta 0 0 0 -1 0 1 1 1 1 0 0/0 8:07 0:00 0:00
Players Stats for Bears
Player Name G A P +/- PIM S H SB GA TA FO MP PP MP PK MP
------------------------------------------------------------------------------------
Colby Cave 0 0 0 0 0 0 0 0 0 0 0/0 2:34 0:17 0:53
Cole Smith 0 0 0 -2 0 3 0 1 0 0 0/0 19:44 3:29 0:27
Emil Johansson 0 0 0 0 0 0 0 1 0 3 0/0 12:28 0:00 0:00
Gianluca Curcuruto 0 0 0 -1 0 1 0 2 0 0 0/0 20:33 3:04 0:53
Isaac Ratcliffe 0 0 0 0 0 0 2 1 0 0 0/0 13:55 0:00 0:50
Jerry D'Amigo 0 0 0 -1 0 3 2 1 0 0 0/0 18:55 4:24 0:00
Kerby Rychel 0 0 0 -1 0 2 1 0 1 1 1/3 24:50 4:13 0:56
Kevin Rooney 0 1 1 0 0 5 1 0 1 0 4/8 13:50 0:14 0:09
Kirill Maksimov 0 0 0 0 0 0 1 0 0 0 0/0 6:34 0:00 0:00
Mason Appleton 0 0 0 -2 0 1 2 0 2 0 0/2 19:12 3:29 0:00
Michael Prapavessis 0 0 0 -1 0 1 1 1 0 0 0/0 20:33 3:04 0:53
Mikko Vainonen 0 0 0 -2 0 1 3 3 1 1 0/0 26:59 4:52 1:06
Nicholas Caamano 1 0 1 0 0 5 0 2 1 1 0/0 13:05 0:00 0:00
Ryan Graves 0 1 1 0 0 0 0 2 0 1 0/0 12:28 0:00 0:00
Sam Carrick 0 0 0 -1 2 4 2 0 1 0 13/31 18:52 4:13 0:00
Tanner Laczynski 0 0 0 -2 0 4 2 3 1 1 10/16 19:12 3:29 0:00
Tommy Vannelli 0 0 0 -2 0 0 1 0 0 2 0/0 26:59 4:52 1:06
Vincent Dunn 0 0 0 0 0 0 0 1 0 0 0/0 7:17 0:00 0:43
3 Stars
1 - Jesper Boqvist (Wil)
2 - Anthony Stolarz (Wil)
3 - Jeff Malott (Wil)
Power Play
Penguins - 0 on 1 Attempt(s) - 0.00%
Bears - 0 on 4 Attempt(s) - 0.00%
Penalty Kill
Penguins - 4 on 4 Attempt(s) - 100.00%
- Score 0 goal in Penalty Kill
Bears - 1 on 1 Attempt(s) - 100.00%
- Score 0 goal in Penalty Kill
Team Stat
Penguins - Hits : 19 - Faceoff Wins : 32 - Blocked Shots : 13 - Penalty Minutes : 8
Bears - Hits : 18 - Faceoff Wins : 28 - Blocked Shots : 18 - Penalty Minutes : 2
Official
Referees : Dan Kelly and Ian Walsh
Linesman : Vaughan Rody and Shandor Alphonso
Game Notes
17:15 of 3rd period - Bears goal is going for a video replay. After video review, No Goal. The referee deems the play has been stopped, even if he had not physically had the opportunity to stop play by blowing his whistle.
Finance
Level 1 -- Attendance: 1894 (94.70%) -- Ticket Income $132,580
Level 2 -- Attendance: 944 (94.40%) -- Ticket Income $37,760
Total Attendance: 2838 (94.60%)
Total Ticket Income: $170,340
Other Income: $8,517
Total Income: $178,857
Penguins
5 vs 5 Forward
Center Left Wing Right Wing Time % Phy DF OF
1 Denis Malgin Matthew Boldy Clayton Keller 40 1 2 2
2 Philipp Kurashev Eetu Luostarinen Sam Kurker 30 1 2 2
3 Jesperi Kotkaniemi Jeff Malott Jesper Boqvist 20 1 2 2
4 Dmitry Voronkov Sampo Ranta Josh Ho-Sang 10 1 2 2
5 vs 5 Defense
Defense Defense Time % Phy DF OF
1 Dakota Mermis Matthew Finn 40 1 2 2
2 Alexander Romanov Noah Dobson 30 1 2 2
3 Marc Del Gaizo Artemi Kniazev 20 1 2 2
4 Dakota Mermis Matthew Finn 10 1 2 2
PowerPlay Forward
Center Left Wing Right Wing Time % Phy DF OF
1 Denis Malgin Matthew Boldy Clayton Keller 60 1 2 2
2 Philipp Kurashev Eetu Luostarinen Sam Kurker 40 1 2 2
PowerPlay Defense
Defense Defense Time % Phy DF OF
1 Dakota Mermis Matthew Finn 60 1 2 2
2 Alexander Romanov Noah Dobson 40 1 2 2
Penalty Kill 4 Players Forward
Center Wing Time % Phy DF OF
1 Eetu Luostarinen Denis Malgin 60 1 2 2
2 Clayton Keller Sam Kurker 40 1 2 2
Penalty Kill 4 Players Defense
Defense Defense Time % Phy DF OF
1 Dakota Mermis Matthew Finn 60 1 2 2
2 Alexander Romanov Noah Dobson 40 1 2 2
Penalty Kill - 3 Players Forward
Forward Time % Phy DF OF
1 Eetu Luostarinen 60 1 2 2
2 Denis Malgin 40 1 2 2
Penalty Kill - 3 Players Defense
Defense Defense Time % Phy DF OF
1 Dakota Mermis Matthew Finn 60 1 2 2
2 Alexander Romanov Noah Dobson 40 1 2 2
4 vs 4 Forward
Center Wing Time % Phy DF OF
1 Eetu Luostarinen Denis Malgin 60 1 2 2
2 Clayton Keller Sam Kurker 40 1 2 2
4 vs 4 Defense
Defense Defense Time % Phy DF OF
1 Dakota Mermis Matthew Finn 60 1 2 2
2 Alexander Romanov Noah Dobson 40 1 2 2
Last Minutes Offensive
Center Left Wing Right Wing Defense Defense
Denis Malgin Eetu Luostarinen Clayton Keller Dakota Mermis Matthew Finn
Last Minutes Defensive
Center Left Wing Right Wing Defense Defense
Denis Malgin Eetu Luostarinen Clayton Keller Dakota Mermis Matthew Finn
Goaltenders
Starting : Anthony Stolarz
Backup : Zachary Bouthillier
Extra Forwards
Normal : Matthew Boldy, Jesper Boqvist, Jesperi Kotkaniemi - PP : Matthew Boldy, Jesper Boqvist - PK : Jesperi Kotkaniemi
Extra Defensemen
Normal : Marc Del Gaizo, Artemi Kniazev, Alexander Romanov - PP : Marc Del Gaizo - PK : Artemi Kniazev, Alexander Romanov
Penalty Shots
Eetu Luostarinen, Denis Malgin, Clayton Keller, Sam Kurker, Philipp Kurashev
Custom OT Lines Forwards
Eetu Luostarinen, Denis Malgin, Clayton Keller, Sam Kurker, Philipp Kurashev, Jeff Malott, Matthew Boldy, Jesper Boqvist, Jesperi Kotkaniemi, Josh Ho-Sang
Custom OT Lines Defensemen
Dakota Mermis, Matthew Finn, Alexander Romanov, Noah Dobson, Marc Del Gaizo
Scratches
Juuso Ikonen (Healthy), Kevin Stenlund (Healthy), Austin Strand (Healthy), Ryan MacInnis (Healthy), Adam Brooks (Healthy)
Shawn Boudrias (Healthy), Ryan Johnson (Healthy), Nolan Foote (Healthy), Valtteri Puustinen (Healthy), Spencer Knight (Sprained Left Finger Injury)
Bears
5 vs 5 Forward
Center Left Wing Right Wing Time % Phy DF OF
1 Sam Carrick Kerby Rychel Jerry D'Amigo 40 1 2 2
2 Tanner Laczynski Cole Smith Mason Appleton 30 1 2 2
3 Kevin Rooney Isaac Ratcliffe Nicholas Caamano 20 1 2 2
4 Vincent Dunn Kerby Rychel Kirill Maksimov 10 1 2 2
5 vs 5 Defense
Defense Defense Time % Phy DF OF
1 Tommy Vannelli Mikko Vainonen 40 1 2 2
2 Gianluca Curcuruto Michael Prapavessis 30 1 2 2
3 Emil Johansson Ryan Graves 20 1 2 2
4 Tommy Vannelli Mikko Vainonen 10 1 2 2
PowerPlay Forward
Center Left Wing Right Wing Time % Phy DF OF
1 Sam Carrick Kerby Rychel Jerry D'Amigo 60 1 2 2
2 Tanner Laczynski Cole Smith Mason Appleton 40 1 2 2
PowerPlay Defense
Defense Defense Time % Phy DF OF
1 Tommy Vannelli Mikko Vainonen 60 1 2 2
2 Gianluca Curcuruto Michael Prapavessis 40 1 2 2
Penalty Kill 4 Players Forward
Center Wing Time % Phy DF OF
1 Kerby Rychel Sam Carrick 60 1 2 2
2 Jerry D'Amigo Tanner Laczynski 40 1 2 2
Penalty Kill 4 Players Defense
Defense Defense Time % Phy DF OF
1 Tommy Vannelli Mikko Vainonen 60 1 2 2
2 Gianluca Curcuruto Michael Prapavessis 40 1 2 2
Penalty Kill - 3 Players Forward
Forward Time % Phy DF OF
1 Kerby Rychel 60 1 2 2
2 Sam Carrick 40 1 2 2
Penalty Kill - 3 Players Defense
Defense Defense Time % Phy DF OF
1 Tommy Vannelli Mikko Vainonen 60 1 2 2
2 Gianluca Curcuruto Michael Prapavessis 40 1 2 2
4 vs 4 Forward
Center Wing Time % Phy DF OF
1 Kerby Rychel Sam Carrick 60 1 2 2
2 Jerry D'Amigo Tanner Laczynski 40 1 2 2
4 vs 4 Defense
Defense Defense Time % Phy DF OF
1 Tommy Vannelli Mikko Vainonen 60 1 2 2
2 Gianluca Curcuruto Michael Prapavessis 40 1 2 2
Last Minutes Offensive
Center Left Wing Right Wing Defense Defense
Sam Carrick Kerby Rychel Jerry D'Amigo Tommy Vannelli Mikko Vainonen
Last Minutes Defensive
Center Left Wing Right Wing Defense Defense
Sam Carrick Kerby Rychel Jerry D'Amigo Tommy Vannelli Mikko Vainonen
Goaltenders
Starting : Garret Sparks
Backup : Artyom Zagidulin
Extra Forwards
Normal : Colby Cave, Kevin Rooney, Vincent Dunn - PP : Colby Cave, Kevin Rooney - PK : Vincent Dunn
Extra Defensemen
Normal : Emil Johansson, Ryan Graves, Gianluca Curcuruto - PP : Emil Johansson - PK : Ryan Graves, Gianluca Curcuruto
Penalty Shots
Kerby Rychel, Sam Carrick, Jerry D'Amigo, Tanner Laczynski, Kevin Rooney
Custom OT Lines Forwards
Kerby Rychel, Sam Carrick, Jerry D'Amigo, Tanner Laczynski, Kevin Rooney, Mason Appleton, Cole Smith, Vincent Dunn, Nicholas Caamano, Colby Cave
Custom OT Lines Defensemen
Tommy Vannelli, Mikko Vainonen, Gianluca Curcuruto, Michael Prapavessis, Emil Johansson
Scratches
Blake Speers (Healthy), Jesper Pettersson (Healthy), David Farrance (Healthy), Mackenze Stewart (Healthy), Zack Hayes (Healthy)
Mario Ferraro (Healthy), Will Reilly (Healthy), Kristians Rubins (Healthy), Jakob Stenqvist (Healthy), Tim Gettinger (Healthy)
Arvid Henrikson (Healthy), Jeremy Michel (Healthy)
% Time on Ice - Penguins
Lines # - Real PCT - Wanted PCT - Time Play
Normal Forward
1 - 35% - 40% - 17:36
2 - 27% - 30% - 13:39
3 - 21% - 20% - 10:43
4 - 16% - 10% - 8:07
Normal Defense
1 - 37% - 40% - 18:40
2 - 32% - 30% - 15:58
3 - 26% - 20% - 13:05
4 - 5% - 10% - 2:22
PP Forward
1 - 50% - 60% - 1:00
2 - 50% - 40% - 0:59
PP Defense
1 - 52% - 60% - 1:02
2 - 48% - 40% - 0:57
PK Forward
1 - 74% - 60% - 5:52
2 - 26% - 40% - 2:04
PK Defense
1 - 62% - 60% - 4:57
2 - 38% - 40% - 2:59
PK3 Forward
1 - 0% - 60%
2 - 0% - 40%
PK3 Defense
1 - 0% - 60%
2 - 0% - 40%
44 Forward
1 - 0% - 60%
2 - 0% - 40%
44 Defense
1 - 0% - 60%
2 - 0% - 40%
Last Minute Offensive - 0:00
Last Minute Defensive - 0:00
Total
Forward - 60:00
Defense - 60:00
|
% Time on Ice - Bears
Lines # - Real PCT - Wanted PCT - Time Play
Normal Forward
1 - 29% - 40% - 14:43
2 - 31% - 30% - 15:43
3 - 26% - 20% - 13:05
4 - 13% - 10% - 6:34
Normal Defense
1 - 38% - 40% - 18:58
2 - 33% - 30% - 16:36
3 - 25% - 20% - 12:28
4 - 4% - 10% - 2:03
PP Forward
1 - 56% - 60% - 4:27
2 - 44% - 40% - 3:29
PP Defense
1 - 61% - 60% - 4:52
2 - 39% - 40% - 3:04
PK Forward
1 - 100% - 60% - 1:59
2 - 0% - 40% - 0:00
PK Defense
1 - 55% - 60% - 1:06
2 - 45% - 40% - 0:53
PK3 Forward
1 - 0% - 60%
2 - 0% - 40%
PK3 Defense
1 - 0% - 60%
2 - 0% - 40%
44 Forward
1 - 0% - 60%
2 - 0% - 40%
44 Defense
1 - 0% - 60%
2 - 0% - 40%
Last Minute Offensive - 0:00
Last Minute Defensive - 0:00
Total
Forward - 60:00
Defense - 60:00
|
Play-by-Play
1st period
0:01 of 1st period - Sam Carrick wins face-off versus Denis Malgin in neutral zone.
1:08 of 1st period - Backhand shot by Josh Ho-Sang.
1:08 of 1st period - Deflect By Dmitry Voronkov.
1:08 of 1st period - Stopped by Garret Sparks with a rebound.
1:37 of 1st period - Backhand shot by Clayton Keller.
1:37 of 1st period - Stopped by Garret Sparks without a rebound.
1:38 of 1st period - Philipp Kurashev wins face-off versus Tanner Laczynski in Bears zone.
1:41 of 1st period - Slapshot by Philipp Kurashev.
1:41 of 1st period - Shot Misses the Net.
1:43 of 1st period - Slapshot by Marc Del Gaizo.
1:43 of 1st period - Shot Blocked by Tanner Laczynski.
1:45 of 1st period - Slapshot by Eetu Luostarinen.
1:45 of 1st period - Shot Misses the Net.
1:47 of 1st period - Wrist shot by Sam Kurker.
1:47 of 1st period - Shot Blocked by Tanner Laczynski.
2:29 of 1st period - Eetu Luostarinen is hit by Mikko Vainonen and loses puck.
3:00 of 1st period - Wrist shot by Tanner Laczynski.
3:00 of 1st period - Shot Blocked by Philipp Kurashev.
3:02 of 1st period - Wrist shot by Cole Smith.
3:02 of 1st period - Stopped by Anthony Stolarz without a rebound.
3:03 of 1st period - Kevin Rooney wins face-off versus Denis Malgin in Penguins zone.
3:04 of 1st period - Slapshot by Michael Prapavessis.
3:04 of 1st period - Stopped by Anthony Stolarz with a rebound.
3:14 of 1st period - Slapshot by Clayton Keller.
3:14 of 1st period - Shot Blocked by Nicholas Caamano.
3:32 of 1st period - Wrist shot by Sampo Ranta.
3:32 of 1st period - Shot Blocked by Gianluca Curcuruto.
3:34 of 1st period - Slapshot by Alexander Romanov.
3:34 of 1st period - Deflect By Josh Ho-Sang.
3:34 of 1st period - Shot Misses the Net.
3:34 of 1st period - Puck is out of play.
3:35 of 1st period - Dmitry Voronkov wins face-off versus Sam Carrick in Bears zone.
3:50 of 1st period - Snap shot by Jerry D'Amigo.
3:50 of 1st period - Shot Misses the Net.
4:52 of 1st period - Isaac Ratcliffe is hit by Jesperi Kotkaniemi and loses puck.
4:57 of 1st period - Snap shot by Jeff Malott.
4:57 of 1st period - Shot Misses the Net.
4:59 of 1st period - Snap shot by Dakota Mermis.
4:59 of 1st period - Stopped by Garret Sparks without a rebound.
5:00 of 1st period - Denis Malgin wins face-off versus Sam Carrick in Bears zone.
5:11 of 1st period - Wrist shot by Matthew Boldy.
5:11 of 1st period - Stopped by Garret Sparks with a rebound.
5:15 of 1st period - Backhand shot by Denis Malgin.
5:15 of 1st period - Stopped by Garret Sparks without a rebound.
5:16 of 1st period - Denis Malgin wins face-off versus Tanner Laczynski in Bears zone.
5:21 of 1st period - Wrist shot by Clayton Keller.
5:21 of 1st period - Stopped by Garret Sparks with a rebound.
5:23 of 1st period - Snap shot by Noah Dobson.
5:23 of 1st period - Shot Blocked by Tanner Laczynski.
5:25 of 1st period - Snap shot by Matthew Boldy.
5:25 of 1st period - Shot Blocked by Emil Johansson.
5:27 of 1st period - Slapshot by Alexander Romanov.
5:27 of 1st period - Shot Misses the Net.
7:01 of 1st period - Wrist shot by Nicholas Caamano.
7:01 of 1st period - Stopped by Anthony Stolarz with a rebound.
8:42 of 1st period - Jesperi Kotkaniemi is hit by Kerby Rychel and loses puck.
9:52 of 1st period - Clayton Keller is hit by Tanner Laczynski and loses puck.
10:01 of 1st period - Marc Del Gaizo is hit by Tanner Laczynski.
10:18 of 1st period - Colby Cave is hit by Sampo Ranta and loses puck.
10:25 of 1st period - Snap shot by Josh Ho-Sang.
10:25 of 1st period - Shot Misses the Net.
10:27 of 1st period - Snap shot by Sampo Ranta.
10:27 of 1st period - Stopped by Garret Sparks with a rebound.
10:29 of 1st period - Snap shot by Dmitry Voronkov.
10:29 of 1st period - Shot Misses the Net.
10:31 of 1st period - Slapshot by Noah Dobson.
10:31 of 1st period - Shot Blocked by Mikko Vainonen.
11:44 of 1st period - Slapshot by Jeff Malott.
11:44 of 1st period - Stopped by Garret Sparks without a rebound.
11:45 of 1st period - Kevin Rooney wins face-off versus Jesperi Kotkaniemi in Bears zone.
12:14 of 1st period - Off-side.
12:15 of 1st period - Tanner Laczynski wins face-off versus Clayton Keller in neutral zone.
12:20 of 1st period - Wrist shot by Tanner Laczynski.
12:20 of 1st period - Shot Misses the Net.
12:26 of 1st period - Mikko Vainonen is hit by Clayton Keller and loses puck.
12:45 of 1st period - Backhand shot by Mason Appleton.
12:45 of 1st period - Shot Blocked by Marc Del Gaizo.
12:47 of 1st period - Wrist shot by Cole Smith.
12:47 of 1st period - Stopped by Anthony Stolarz with a rebound.
12:49 of 1st period - Snap shot by Mason Appleton.
12:49 of 1st period - Stopped by Anthony Stolarz without a rebound.
12:50 of 1st period - Denis Malgin wins face-off versus Sam Carrick in Penguins zone.
13:22 of 1st period - Wrist shot by Kevin Rooney.
13:22 of 1st period - Stopped by Anthony Stolarz with a rebound.
13:38 of 1st period - Snap shot by Jesper Boqvist.
13:38 of 1st period - Stopped by Garret Sparks with a rebound.
14:00 of 1st period - Off-side.
14:01 of 1st period - Sam Carrick wins face-off versus Denis Malgin in neutral zone.
14:35 of 1st period - Ryan Graves is hit by Philipp Kurashev and loses puck.
14:47 of 1st period - Icing by Eetu Luostarinen.
14:48 of 1st period - Philipp Kurashev wins face-off versus Kevin Rooney in Penguins zone.
14:57 of 1st period - Snap shot by Matthew Boldy.
14:57 of 1st period - Shot Misses the Net.
15:39 of 1st period - Cole Smith is hit by Alexander Romanov and loses puck.
16:12 of 1st period - Snap shot by Kevin Rooney.
16:12 of 1st period - Shot Misses the Net.
16:18 of 1st period - Snap shot by Kevin Rooney.
16:18 of 1st period - Shot Blocked by Noah Dobson.
16:38 of 1st period - Wrist shot by Jeff Malott.
16:38 of 1st period - Stopped by Garret Sparks without a rebound.
16:39 of 1st period - Philipp Kurashev wins face-off versus Sam Carrick in Bears zone.
16:48 of 1st period - Wrist shot by Eetu Luostarinen.
16:48 of 1st period - Stopped by Garret Sparks without a rebound.
16:49 of 1st period - Sam Kurker wins face-off versus Kerby Rychel in Bears zone.
17:23 of 1st period - Snap shot by Philipp Kurashev.
17:23 of 1st period - Stopped by Garret Sparks without a rebound.
17:24 of 1st period - Tanner Laczynski wins face-off versus Denis Malgin in Bears zone.
17:50 of 1st period - Artemi Kniazev is hit by Sam Carrick and loses puck.
18:12 of 1st period - Off-side.
18:13 of 1st period - Kevin Rooney wins face-off versus Dmitry Voronkov in neutral zone.
18:59 of 1st period - Wrist shot by Philipp Kurashev.
18:59 of 1st period - Stopped by Garret Sparks without a rebound.
19:00 of 1st period - Tanner Laczynski wins face-off versus Philipp Kurashev in Bears zone.
19:02 of 1st period - Icing by Mason Appleton.
19:03 of 1st period - Tanner Laczynski wins face-off versus Philipp Kurashev in Bears zone.
19:40 of 1st period - Slapshot by Tanner Laczynski.
19:40 of 1st period - Stopped by Anthony Stolarz without a rebound.
19:41 of 1st period - Denis Malgin wins face-off versus Sam Carrick in Penguins zone.
Goals for this period are 0 for Penguins vs 0 for Bears.
Shots for this period are 13 for Penguins vs 7 for Bears.
2nd period
0:01 of 2nd period - Denis Malgin wins face-off versus Sam Carrick in neutral zone.
0:58 of 2nd period - Slapshot by Kevin Rooney.
0:58 of 2nd period - Shot Blocked by Noah Dobson.
1:08 of 2nd period - Snap shot by Jerry D'Amigo.
1:08 of 2nd period - Shot Misses the Net.
1:49 of 2nd period - Off-side.
1:50 of 2nd period - Tanner Laczynski wins face-off versus Philipp Kurashev in neutral zone.
1:54 of 2nd period - Off-side.
1:55 of 2nd period - Denis Malgin wins face-off versus Mason Appleton in neutral zone.
1:58 of 2nd period - Gianluca Curcuruto is hit by Denis Malgin and loses puck.
2:11 of 2nd period - Backhand shot by Matthew Boldy.
2:11 of 2nd period - Stopped by Garret Sparks with a rebound.
3:34 of 2nd period - Slapshot by Kevin Rooney.
3:34 of 2nd period - Deflect By Matthew Finn.
3:34 of 2nd period - Shot Misses the Net.
3:34 of 2nd period - Puck is out of play.
3:35 of 2nd period - Philipp Kurashev wins face-off versus Kevin Rooney in Penguins zone.
3:48 of 2nd period - Snap shot by Philipp Kurashev.
3:48 of 2nd period - Shot Misses the Net.
3:50 of 2nd period - Backhand shot by Philipp Kurashev.
3:50 of 2nd period - Stopped by Garret Sparks with a rebound.
4:06 of 2nd period - Backhand shot by Sam Carrick.
4:06 of 2nd period - Shot Hit the Post.
4:49 of 2nd period - Snap shot by Matthew Boldy.
4:49 of 2nd period - Shot Misses the Net.
4:51 of 2nd period - Backhand shot by Marc Del Gaizo.
4:51 of 2nd period - Deflect By Clayton Keller.
4:51 of 2nd period - Shot Blocked by Nicholas Caamano.
4:51 of 2nd period - Puck is out of play.
4:52 of 2nd period - Philipp Kurashev wins face-off versus Sam Carrick in Bears zone.
5:25 of 2nd period - Slapshot by Josh Ho-Sang.
5:25 of 2nd period - Shot Blocked by Ryan Graves.
5:45 of 2nd period - Snap shot by Kevin Rooney.
5:45 of 2nd period - Stopped by Anthony Stolarz without a rebound.
5:46 of 2nd period - Sam Carrick wins face-off versus Denis Malgin in Penguins zone.
5:57 of 2nd period - Snap shot by Clayton Keller.
5:57 of 2nd period - Stopped by Garret Sparks with a rebound.
6:07 of 2nd period - Minor Penalty to Alexander Romanov for High sticking.
6:08 of 2nd period - Sam Carrick wins face-off versus Eetu Luostarinen in Penguins zone.
6:44 of 2nd period - Wrist shot by Tanner Laczynski.
6:44 of 2nd period - Stopped by Anthony Stolarz without a rebound.
6:45 of 2nd period - Eetu Luostarinen wins face-off versus Tanner Laczynski in Penguins zone.
7:12 of 2nd period - Off-side.
7:13 of 2nd period - Jesperi Kotkaniemi wins face-off versus Sam Carrick in neutral zone.
7:16 of 2nd period - Slapshot by Dakota Mermis.
7:16 of 2nd period - Shot Misses the Net.
7:22 of 2nd period - Wrist shot by Jerry D'Amigo.
7:22 of 2nd period - Stopped by Anthony Stolarz without a rebound.
7:23 of 2nd period - Sam Carrick wins face-off versus Eetu Luostarinen in Penguins zone.
7:44 of 2nd period - Snap shot by Jerry D'Amigo.
7:44 of 2nd period - Stopped by Anthony Stolarz without a rebound.
7:45 of 2nd period - Tanner Laczynski wins face-off versus Eetu Luostarinen in Penguins zone.
8:07 of 2nd period - Penalty to Alexander Romanov is over, Alexander Romanov is back on ice.
8:19 of 2nd period - Snap shot by Clayton Keller.
8:19 of 2nd period - Shot Misses the Net.
8:21 of 2nd period - Snap shot by Artemi Kniazev.
8:21 of 2nd period - Stopped by Garret Sparks without a rebound.
8:22 of 2nd period - Jesperi Kotkaniemi wins face-off versus Tanner Laczynski in Bears zone.
8:29 of 2nd period - Wrist shot by Jesperi Kotkaniemi.
8:29 of 2nd period - Stopped by Garret Sparks with a rebound.
8:47 of 2nd period - Matthew Finn is hit by Sam Carrick.
9:27 of 2nd period - Snap shot by Cole Smith.
9:27 of 2nd period - Shot Blocked by Sampo Ranta.
9:56 of 2nd period - Wrist shot by Jesper Boqvist.
9:56 of 2nd period - Goal by Jesper Boqvist - Penguins : 1 - Bears : 0.
9:57 of 2nd period - Denis Malgin wins face-off versus Sam Carrick in neutral zone.
10:08 of 2nd period - Snap shot by Sam Carrick.
10:08 of 2nd period - Stopped by Anthony Stolarz with a rebound.
10:10 of 2nd period - Snap shot by Kerby Rychel.
10:10 of 2nd period - Stopped by Anthony Stolarz without a rebound.
10:11 of 2nd period - Denis Malgin wins face-off versus Sam Carrick in Penguins zone.
10:11 of 2nd period - Denis Malgin is hit by Mikko Vainonen.
10:21 of 2nd period - Wrist shot by Sam Carrick.
10:21 of 2nd period - Stopped by Anthony Stolarz without a rebound.
10:22 of 2nd period - Denis Malgin wins face-off versus Sam Carrick in Penguins zone.
10:47 of 2nd period - Slapshot by Philipp Kurashev.
10:47 of 2nd period - Shot Blocked by Cole Smith.
11:05 of 2nd period - Minor Penalty to Sam Kurker for Cross-checking.
11:06 of 2nd period - Sam Carrick wins face-off versus Eetu Luostarinen in Penguins zone.
12:02 of 2nd period - Slapshot by Jesperi Kotkaniemi.
12:02 of 2nd period - Shot Blocked by Gianluca Curcuruto.
13:05 of 2nd period - Penalty to Sam Kurker is over, Sam Kurker is back on ice.
13:15 of 2nd period - Snap shot by Kevin Rooney.
13:15 of 2nd period - Stopped by Anthony Stolarz with a rebound.
13:17 of 2nd period - Backhand shot by Isaac Ratcliffe.
13:17 of 2nd period - Shot Blocked by Noah Dobson.
13:19 of 2nd period - Slapshot by Kevin Rooney.
13:19 of 2nd period - Shot Hit the Post.
13:21 of 2nd period - Slapshot by Ryan Graves.
13:21 of 2nd period - Shot Blocked by Noah Dobson.
13:23 of 2nd period - Slapshot by Nicholas Caamano.
13:23 of 2nd period - Goal by Nicholas Caamano - Penguins : 1 - Bears : 1.
13:24 of 2nd period - Tanner Laczynski wins face-off versus Denis Malgin in neutral zone.
13:49 of 2nd period - Kevin Rooney is hit by Philipp Kurashev and loses puck.
14:19 of 2nd period - Icing by Marc Del Gaizo.
14:20 of 2nd period - Sam Carrick wins face-off versus Jesperi Kotkaniemi in Penguins zone.
14:31 of 2nd period - Snap shot by Jeff Malott.
14:31 of 2nd period - Shot Blocked by Michael Prapavessis.
14:33 of 2nd period - Wrist shot by Jesperi Kotkaniemi.
14:33 of 2nd period - Deflect By Michael Prapavessis.
14:33 of 2nd period - Shot Misses the Net.
14:33 of 2nd period - Puck is out of play.
14:34 of 2nd period - Denis Malgin wins face-off versus Kerby Rychel in Bears zone.
14:57 of 2nd period - Mason Appleton is hit by Philipp Kurashev and loses puck.
15:12 of 2nd period - Minor Penalty to Philipp Kurashev for Slashing.
15:13 of 2nd period - Sam Carrick wins face-off versus Eetu Luostarinen in Penguins zone.
15:38 of 2nd period - Matthew Finn is hit by Mikko Vainonen and loses puck.
16:40 of 2nd period - Jesperi Kotkaniemi is hit by Jerry D'Amigo and loses puck.
17:12 of 2nd period - Penalty to Philipp Kurashev is over, Philipp Kurashev is back on ice.
17:36 of 2nd period - Icing by Mikko Vainonen.
17:37 of 2nd period - Jesperi Kotkaniemi wins face-off versus Kevin Rooney in Bears zone.
17:38 of 2nd period - Wrist shot by Jesper Boqvist.
17:38 of 2nd period - Shot Blocked by Mikko Vainonen.
17:40 of 2nd period - Snap shot by Jesperi Kotkaniemi.
17:40 of 2nd period - Stopped by Garret Sparks with a rebound.
17:42 of 2nd period - Slapshot by Alexander Romanov.
17:42 of 2nd period - Shot Blocked by Isaac Ratcliffe.
17:44 of 2nd period - Wrist shot by Jesper Boqvist.
17:44 of 2nd period - Stopped by Garret Sparks with a rebound.
17:46 of 2nd period - Snap shot by Jesper Boqvist.
17:46 of 2nd period - Deflect By Jeff Malott.
17:46 of 2nd period - Goal by Jeff Malott - Penguins : 2 - Bears : 1.
17:47 of 2nd period - Sam Carrick wins face-off versus Denis Malgin in neutral zone.
17:50 of 2nd period - Snap shot by Sam Carrick.
17:50 of 2nd period - Stopped by Anthony Stolarz without a rebound.
17:51 of 2nd period - Denis Malgin wins face-off versus Sam Carrick in Penguins zone.
18:20 of 2nd period - Eetu Luostarinen is hit by Mason Appleton.
18:49 of 2nd period - Kevin Rooney is hit by Jesperi Kotkaniemi and loses puck.
19:06 of 2nd period - Wrist shot by Sampo Ranta.
19:06 of 2nd period - Shot Blocked by Jerry D'Amigo.
19:24 of 2nd period - Snap shot by Tanner Laczynski.
19:24 of 2nd period - Deflect By Cole Smith.
19:24 of 2nd period - Stopped by Anthony Stolarz without a rebound.
19:25 of 2nd period - Tanner Laczynski wins face-off versus Denis Malgin in Penguins zone.
19:38 of 2nd period - Snap shot by Tanner Laczynski.
19:38 of 2nd period - Stopped by Anthony Stolarz without a rebound.
19:39 of 2nd period - Sam Carrick wins face-off versus Denis Malgin in Penguins zone.
19:48 of 2nd period - Snap shot by Kerby Rychel.
19:48 of 2nd period - Shot Blocked by Denis Malgin.
19:50 of 2nd period - Backhand shot by Kerby Rychel.
19:50 of 2nd period - Shot Misses the Net.
Goals for this period are 2 for Penguins vs 1 for Bears.
Shots for this period are 9 for Penguins vs 12 for Bears.
3rd period
0:01 of 3rd period - Denis Malgin wins face-off versus Sam Carrick in neutral zone.
0:14 of 3rd period - Snap shot by Denis Malgin.
0:14 of 3rd period - Deflect By Clayton Keller.
0:14 of 3rd period - Stopped by Garret Sparks with a rebound.
0:16 of 3rd period - Wrist shot by Matthew Boldy.
0:16 of 3rd period - Shot Misses the Net.
0:35 of 3rd period - Slapshot by Cole Smith.
0:35 of 3rd period - Shot Misses the Net.
0:37 of 3rd period - Wrist shot by Tanner Laczynski.
0:37 of 3rd period - Shot Misses the Net.
1:48 of 3rd period - Kerby Rychel is hit by Sam Kurker and loses puck.
2:07 of 3rd period - Jesperi Kotkaniemi is hit by Kevin Rooney and loses puck.
2:14 of 3rd period - Michael Prapavessis is hit by Jesperi Kotkaniemi and loses puck.
2:37 of 3rd period - Slapshot by Tanner Laczynski.
2:37 of 3rd period - Shot Misses the Net.
2:51 of 3rd period - Snap shot by Denis Malgin.
2:51 of 3rd period - Shot Misses the Net.
2:53 of 3rd period - Slapshot by Artemi Kniazev.
2:53 of 3rd period - Shot Misses the Net.
2:55 of 3rd period - Wrist shot by Clayton Keller.
2:55 of 3rd period - Shot Misses the Net.
2:57 of 3rd period - Slapshot by Artemi Kniazev.
2:57 of 3rd period - Stopped by Garret Sparks with a rebound.
3:07 of 3rd period - Slapshot by Philipp Kurashev.
3:07 of 3rd period - Shot Blocked by Mikko Vainonen.
3:25 of 3rd period - Tanner Laczynski is hit by Jesper Boqvist and loses puck.
3:38 of 3rd period - Snap shot by Jesperi Kotkaniemi.
3:38 of 3rd period - Shot Misses the Net.
3:56 of 3rd period - Wrist shot by Sampo Ranta.
3:56 of 3rd period - Shot Misses the Net.
4:10 of 3rd period - Wrist shot by Nicholas Caamano.
4:10 of 3rd period - Stopped by Anthony Stolarz with a rebound.
4:12 of 3rd period - Slapshot by Emil Johansson.
4:12 of 3rd period - Deflect By Isaac Ratcliffe.
4:12 of 3rd period - Shot Blocked by Noah Dobson.
4:12 of 3rd period - Puck is out of play.
4:13 of 3rd period - Denis Malgin wins face-off versus Kevin Rooney in Penguins zone.
4:40 of 3rd period - Slapshot by Jerry D'Amigo.
4:40 of 3rd period - Stopped by Anthony Stolarz with a rebound.
4:48 of 3rd period - Backhand shot by Sam Kurker.
4:48 of 3rd period - Shot Misses the Net.
4:58 of 3rd period - Gianluca Curcuruto is hit by Jeff Malott and loses puck.
5:24 of 3rd period - Wrist shot by Vincent Dunn.
5:24 of 3rd period - Shot Misses the Net.
5:44 of 3rd period - Sampo Ranta is hit by Isaac Ratcliffe and loses puck.
5:55 of 3rd period - Snap shot by Kevin Rooney.
5:55 of 3rd period - Stopped by Anthony Stolarz with a rebound.
6:05 of 3rd period - Kerby Rychel is hit by Alexander Romanov.
6:11 of 3rd period - Icing by Emil Johansson.
6:12 of 3rd period - Denis Malgin wins face-off versus Sam Carrick in Bears zone.
6:13 of 3rd period - Wrist shot by Matthew Boldy.
6:13 of 3rd period - Stopped by Garret Sparks without a rebound.
6:14 of 3rd period - Denis Malgin wins face-off versus Mason Appleton in Bears zone.
6:19 of 3rd period - Wrist shot by Denis Malgin.
6:19 of 3rd period - Stopped by Garret Sparks without a rebound.
6:20 of 3rd period - Tanner Laczynski wins face-off versus Denis Malgin in Bears zone.
6:25 of 3rd period - Wrist shot by Clayton Keller.
6:25 of 3rd period - Stopped by Garret Sparks without a rebound.
6:26 of 3rd period - Denis Malgin wins face-off versus Sam Carrick in Bears zone.
6:33 of 3rd period - Slapshot by Matthew Boldy.
6:33 of 3rd period - Goal by Matthew Boldy - Penguins : 3 - Bears : 1.
6:34 of 3rd period - Denis Malgin wins face-off versus Sam Carrick in neutral zone.
7:23 of 3rd period - Alexander Romanov is hit by Kirill Maksimov and loses puck.
7:44 of 3rd period - Isaac Ratcliffe is hit by Dmitry Voronkov and loses puck.
7:49 of 3rd period - Snap shot by Josh Ho-Sang.
7:49 of 3rd period - Shot Misses the Net.
7:51 of 3rd period - Wrist shot by Sampo Ranta.
7:51 of 3rd period - Shot Misses the Net.
8:02 of 3rd period - Off-side.
8:03 of 3rd period - Tanner Laczynski wins face-off versus Denis Malgin in neutral zone.
9:10 of 3rd period - Kevin Rooney is hit by Dmitry Voronkov and loses puck.
9:25 of 3rd period - Snap shot by Clayton Keller.
9:25 of 3rd period - Stopped by Garret Sparks without a rebound.
9:26 of 3rd period - Denis Malgin wins face-off versus Sam Carrick in Bears zone.
9:27 of 3rd period - Wrist shot by Clayton Keller.
9:27 of 3rd period - Stopped by Garret Sparks with a rebound.
9:29 of 3rd period - Minor Penalty to Sam Carrick for Tripping.
9:30 of 3rd period - Kerby Rychel wins face-off versus Denis Malgin in Bears zone.
9:45 of 3rd period - Snap shot by Denis Malgin.
9:45 of 3rd period - Stopped by Garret Sparks with a rebound.
9:55 of 3rd period - Dakota Mermis is hit by Isaac Ratcliffe and loses puck.
10:26 of 3rd period - Snap shot by Eetu Luostarinen.
10:26 of 3rd period - Shot Hit the Post.
10:28 of 3rd period - Wrist shot by Philipp Kurashev.
10:28 of 3rd period - Shot Misses the Net.
11:29 of 3rd period - Penalty to Sam Carrick is over, Sam Carrick is back on ice.
12:21 of 3rd period - Snap shot by Kerby Rychel.
12:21 of 3rd period - Stopped by Anthony Stolarz with a rebound.
13:05 of 3rd period - Slapshot by Tanner Laczynski.
13:05 of 3rd period - Shot Misses the Net.
13:27 of 3rd period - Slapshot by Clayton Keller.
13:27 of 3rd period - Shot Misses the Net.
13:56 of 3rd period - Wrist shot by Clayton Keller.
13:56 of 3rd period - Shot Misses the Net.
14:18 of 3rd period - Snap shot by Vincent Dunn.
14:18 of 3rd period - Shot Misses the Net.
14:20 of 3rd period - Wrist shot by Vincent Dunn.
14:20 of 3rd period - Deflect By Kerby Rychel.
14:20 of 3rd period - Shot Hit the Post.
14:20 of 3rd period - Puck is out of play.
14:21 of 3rd period - Philipp Kurashev wins face-off versus Tanner Laczynski in Penguins zone.
14:37 of 3rd period - Off-side.
14:38 of 3rd period - Kevin Rooney wins face-off versus Jesperi Kotkaniemi in neutral zone.
14:46 of 3rd period - Mikko Vainonen is hit by Matthew Finn and loses puck.
15:14 of 3rd period - Slapshot by Philipp Kurashev.
15:14 of 3rd period - Deflect By Eetu Luostarinen.
15:14 of 3rd period - Goal by Eetu Luostarinen - Penguins : 4 - Bears : 1.
15:15 of 3rd period - Philipp Kurashev wins face-off versus Tanner Laczynski in neutral zone.
15:40 of 3rd period - Matthew Finn is hit by Tommy Vannelli and loses puck.
16:06 of 3rd period - Kevin Rooney is hit by Josh Ho-Sang and loses puck.
16:21 of 3rd period - Snap shot by Nicholas Caamano.
16:21 of 3rd period - Stopped by Anthony Stolarz with a rebound.
16:23 of 3rd period - Wrist shot by Nicholas Caamano.
16:23 of 3rd period - Shot Blocked by Dmitry Voronkov.
16:25 of 3rd period - Wrist shot by Kevin Rooney.
16:25 of 3rd period - Stopped by Anthony Stolarz with a rebound.
16:27 of 3rd period - Wrist shot by Nicholas Caamano.
16:27 of 3rd period - Stopped by Anthony Stolarz with a rebound.
16:29 of 3rd period - Slapshot by Michael Prapavessis.
16:29 of 3rd period - Shot Blocked by Noah Dobson.
16:31 of 3rd period - Slapshot by Gianluca Curcuruto.
16:31 of 3rd period - Deflect By Sampo Ranta.
16:31 of 3rd period - Stopped by Anthony Stolarz without a rebound.
16:32 of 3rd period - Sam Carrick wins face-off versus Denis Malgin in Penguins zone.
16:45 of 3rd period - Slapshot by Dakota Mermis.
16:45 of 3rd period - Stopped by Garret Sparks with a rebound.
17:05 of 3rd period - Wrist shot by Tanner Laczynski.
17:05 of 3rd period - Stopped by Anthony Stolarz without a rebound.
17:06 of 3rd period - Sam Carrick wins face-off versus Philipp Kurashev in Penguins zone.
17:07 of 3rd period - Wrist shot by Jerry D'Amigo.
17:07 of 3rd period - Shot Misses the Net.
17:09 of 3rd period - Snap shot by Tommy Vannelli.
17:09 of 3rd period - Shot Misses the Net.
17:11 of 3rd period - Slapshot by Tommy Vannelli.
17:11 of 3rd period - Shot Misses the Net.
17:13 of 3rd period - Wrist shot by Jerry D'Amigo.
17:13 of 3rd period - Shot Misses the Net.
17:15 of 3rd period - Backhand shot by Mikko Vainonen.
17:15 of 3rd period - Bears goal is going for a video replay.
17:15 of 3rd period - The goal is refused. The referee deems the play has been stopped, even if he had not physically had the opportunity to stop play by blowing his whistle..
17:16 of 3rd period - Philipp Kurashev wins face-off versus Sam Carrick in Penguins zone.
17:18 of 3rd period - Minor Penalty to Alexander Romanov for Tripping.
17:19 of 3rd period - Sam Carrick wins face-off versus Denis Malgin in Penguins zone.
17:31 of 3rd period - Backhand shot by Sam Carrick.
17:31 of 3rd period - Stopped by Anthony Stolarz with a rebound.
17:33 of 3rd period - Snap shot by Jerry D'Amigo.
17:33 of 3rd period - Shot Blocked by Eetu Luostarinen.
17:35 of 3rd period - Wrist shot by Jerry D'Amigo.
17:35 of 3rd period - Shot Blocked by Eetu Luostarinen.
17:45 of 3rd period - Denis Malgin is hit by Mason Appleton and loses puck.
18:12 of 3rd period - Clayton Keller is hit by Jerry D'Amigo and loses puck.
18:27 of 3rd period - Artemi Kniazev is hit by Michael Prapavessis and loses puck.
19:18 of 3rd period - Penalty to Alexander Romanov is over, Alexander Romanov is back on ice.
19:38 of 3rd period - Isaac Ratcliffe is hit by Dakota Mermis.
19:55 of 3rd period - Slapshot by Sampo Ranta.
19:55 of 3rd period - Shot Misses the Net.
19:57 of 3rd period - Snap shot by Josh Ho-Sang.
19:57 of 3rd period - Shot Blocked by Ryan Graves.
19:59 of 3rd period - Slapshot by Marc Del Gaizo.
19:59 of 3rd period - Shot Blocked by Vincent Dunn.
Goals for this period are 2 for Penguins vs 0 for Bears.
Shots for this period are 11 for Penguins vs 11 for Bears.